 Dungeon Crawl Stone Soup version 0.32-a0-675-gdc239d62e1 (webtiles) character file.

Game seed: 2484056792687694347

1426 lunkers the Skirmisher (level 8, -8/54 HPs)
             Began as a Coglin Hexslinger on Mar 11, 2024.
             Mangled by Duvessa
             ... wielding a +0 short sword
              (12 damage)
             ... on level 6 of the Dungeon.
             The game lasted 00:10:51 (4576 turns).

lunkers the Skirmisher (Coglin Hexslinger)          Turns: 4576, Time: 00:10:51

Health: -8/54      AC:  3    Str: 11    XL:     8   Next: 72%
Magic:  6/9        EV: 12    Int: 12    God:
Gold:   1046       SH:  0    Dex: 17    Spells: 7/9 levels left

rFire   . . .        a - +1 sling {Sanghe}
rCold   . . .        p - +1 sling (freeze) {Byeongho}
rNeg    . . .        c - +0 robe
rPois   .            (helmet restricted)
rElec   .            (no cloak)
rCorr   .            (no gloves)
SInv    .            h - +0 pair of boots
Will    .....        (amulet unavailable)
Stlth   ++           (ring unavailable)
HPRegen 0.29/turn    (ring unavailable)
MPRegen 0.11/turn    (no gizmo)

%: clarity
@: weak-willed, jinxed, revving
A: off-hand wielding, slow wielding, warmup strikes, no jewellery, horns 1,
clarity
a: Invent Gizmo


You were on level 6 of the Dungeon.
You visited 1 branch of the dungeon, and saw 6 of its levels.
You also visited: Sewer.

You collected 1046 gold pieces.

Inventory:

Hand Weapons
 a - a +1 sling (weapon) {Sanghe}
 g - a +2 short sword of flaming
 p - a +1 sling of freezing (offhand) {Byeongho}
Missiles
 j - a throwing net
Armour
 c - a +0 robe (worn)
 d - a +0 helmet
 h - a +0 pair of boots (worn)
Wands
 l - a wand of light (3)
Scrolls
 b - 2 scrolls of poison
 f - a scroll of enchant weapon
 i - 5 scrolls of identify
 k - a scroll of fear
Potions
 e - 2 potions of haste
 m - a potion of curing
 n - a potion of lignification {unknown}
 o - 2 potions of brilliance
 q - a potion of mutation
 s - a potion of cancellation
 t - a potion of heal wounds


   Skills:
 - Level 1.0 Fighting
 + Level 9.8 Ranged Weapons
 - Level 1.7 Dodging
 - Level 1.0 Spellcasting
 - Level 2.6 Hexes
 - Level 0.8 Fire Magic


You had 7 spell levels left.
You knew the following spells:

 Your Spells              Type           Power      Damage    Failure   Level
p - Jinxbite              Hex            14%        N/A       16%         2

Your spell library contained the following spells:

 Spells                   Type           Power      Damage    Failure   Level
 Sigil of Binding         Hex            7%         N/A       30%         3
 Inner Flame              Hex/Fire       4%         N/A       41%         3
 Fugue of the Fallen      Necr           0%         N/A       65%         3
 Ozocubu's Armour         Ice            0%         N/A       65%         3
 Cause Fear               Hex            3%         N/A       69%         4
 Dimensional Bullseye     Hex/Tloc       1%         N/A       86%         4
 Brom's Barrelling Bould  Conj/Erth      0%         2d3       96%         4
 Manifold Assault         Tloc           0%         N/A       96%         4
 Fireball                 Conj/Fire      0%         3d3       100%        5
 Iskenderun's Battlesphe  Conj           0%         2d6       100%        5
 Conjure Ball Lightning   Conj/Air       0%         3x3d6     100%        6
 Orb of Destruction       Conj           0%         9d5       100%        7


Dungeon Overview and Level Annotations

Branches:
Dungeon (6/15)              Sewer (visited)
 Temple: D:4-7

Altars:
Makhleb
Qazlal
Ru

Annotations:
D:6 Duvessa


Innate Abilities, Weirdness & Mutations

You can wield a second weapon in your off-hand.
It takes a long time for you to wield or remove held weapons.
Your first few attacks do less damage.
You cannot equip rings or amulets.
You have a pair of small horns on your head.
You possess an exceptional clarity of mind.


Message History

Duvessa is lightly wounded.
Duvessa is blinded.
You shoot a sling bullet. The sling bullet barely misses Duvessa.
You shoot a sling bullet.
The sling bullet completely misses Duvessa.
You shoot a sling bullet. The sling bullet hits Duvessa.
The sling bullet freezes Duvessa.
Duvessa is lightly wounded.
You shoot a sling bullet. The sling bullet hits Duvessa.
Duvessa is lightly wounded.
You shoot a sling bullet. The sling bullet barely misses Duvessa.
You shoot a sling bullet.
The sling bullet hits Duvessa but does no damage.
Duvessa is lightly wounded.
Duvessa hits you with a +0 short sword!
Aiming: Bolt of Light
Press: ? - help, Shift-Dir - straight line, f/p - Duvessa
Aim: Duvessa, wielding a +0 short sword, wearing a +0 leather armour and carrying a wand of flame (lightly wounded, berserk, blind, unable to see you, chance to call a sprite on attack: 24%, 75% to hit)
The bolt of light hits Duvessa!
Duvessa is moderately wounded.
Duvessa hits you with a +0 short sword!
* * * LOW HITPOINT WARNING * * *
Duvessa hits you with a +0 short sword!
* * * LOW HITPOINT WARNING * * *
Aiming: Bolt of Light
Press: ? - help, Shift-Dir - straight line, f/p - Duvessa
Aim: Duvessa, wielding a +0 short sword, wearing a +0 leather armour and carrying a wand of flame (moderately wounded, berserk, blind, unable to see you, chance to call a sprite on attack: 24%, 75% to hit)
The bolt of light hits Duvessa.
Duvessa is heavily wounded.
Duvessa hits you with a +0 short sword!
* * * LOW HITPOINT WARNING * * *
Unknown command.
Unknown command.
Aiming: Bolt of Light
Press: ? - help, Shift-Dir - straight line, f/p - Duvessa
Aim: Duvessa, wielding a +0 short sword, wearing a +0 leather armour and carrying a wand of flame (heavily wounded, berserk, blind, unable to see you, chance to call a sprite on attack: 24%, 75% to hit)
The bolt of light hits Duvessa!
Duvessa is severely wounded.
Duvessa barely misses you. Duvessa hits you with a +0 short sword!
You die...

###############
..............##
................
................
...<............
................
................
........@e...)..
........).......
................
................
................
................
.................
.................
................


You could see Duvessa (berserk, blind, unable to see you).

Vanquished Creatures
  A water moccasin (D:6)
  2 black bears
  Pargi (Sewer)
  An ogre (D:6)
  A phantom (D:5)
  A brain worm (Sewer)
  3 scorpions
  Dowan (D:6)
  A howler monkey (D:4)
  2 bombardier beetles
  2 jellies
  A gnoll bouda (D:6)
  An orc priest (D:3)
  2 hounds
  5 iguanas
  A sleepcap (D:5)
  4 gnolls (D:6)
  4 adders
  A river rat (D:5)
  A shadow imp (D:6)
  2 dart slugs
  2 ribbon worms
  13 orcs
  5 ball pythons
  13 bats
  6 endoplasms
  4 goblins
  2 hobgoblins
  2 jackals (D:4)
  7 kobolds
  3 quokkas
  2 frilled lizards (D:1)
  4 rats
101 creatures vanquished.

Notes
Turn   | Place    | Note
-------+----------+-------------------------------------------
     0 | D:1      | lunkers the Coglin Hexslinger began the quest for the Orb.
     0 | D:1      | Reached XP level 1. HP: 15/15 MP: 2/2
   100 | D:1      | Reached skill level 2 in Ranged Weapons
   225 | D:1      | Reached XP level 2. HP: 21/21 MP: 3/3
   230 | D:1      | Learned a level 2 spell: Jinxbite
   420 | D:1      | Found a faded altar of an unknown god.
   734 | D:2      | Reached skill level 3 in Ranged Weapons
   734 | D:2      | Reached XP level 3. HP: 17/26 MP: 4/4
  1461 | D:3      | Reached skill level 4 in Ranged Weapons
  1461 | D:3      | Reached XP level 4. HP: 32/32 MP: 2/5
  1851 | D:3      | Reached XP level 5. HP: 37/37 MP: 3/6
  2168 | D:4      | Reached skill level 5 in Ranged Weapons
  2454 | D:4      | Reached XP level 6. HP: 27/43 MP: 7/7
  2854 | D:4      | Reached skill level 6 in Ranged Weapons
  2854 | D:4      | HP: 2/43 [orc/+0 whip of freezing (3)]
  2855 | D:4      | Gained mutation: You have a pair of small horns on your
                  | head. [potion of mutation]
  2855 | D:4      | Gained mutation: You possess an exceptional clarity of
                  | mind. [potion of mutation]
  3311 | D:5      | Entered Level 5 of the Dungeon
  3384 | D:5      | Reached XP level 7. HP: 48/48 MP: 5/8
  3432 | D:5      | Reached skill level 7 in Ranged Weapons
  3447 | D:5      | Found a glowing drain.
  3480 | Sewer    | Entered a sewer
  3551 | Sewer    | Noticed Pargi
  3557 | Sewer    | Killed Pargi
  3608 | Sewer    | Identified a scroll of acquirement
  3608 | Sewer    | Acquired 672 gold pieces
  3670 | D:5      | Reached skill level 8 in Ranged Weapons
  3729 | D:5      | Reached XP level 8. HP: 54/54 MP: 9/9
  4131 | D:6      | Reached skill level 9 in Ranged Weapons
  4248 | D:6      | Found a faded altar of an unknown god.
  4248 | D:6      | Found a sacrificial altar of Ru.
  4327 | D:6      | Found a stormy altar of Qazlal.
  4329 | D:6      | Found a burning altar of Makhleb.
  4331 | D:6      | Found a faded altar of an unknown god.
  4563 | D:6      | Noticed Dowan
  4566 | D:6      | Killed Dowan
  4568 | D:6      | Noticed Duvessa
  4576 | D:6      | Mangled by Duvessa

Illustrated notes

Levels and vault maps discovered:
D:1:      matt_arrival_grand_opening, layout_rooms,
          chequers_ecumenical_altar_grove
D:2:      layout_basic
D:3:      layout_basic
D:4:      layout_basic
D:5:      layout_cave_pools, cheibrodos_sewer_entry_sluice
D:6:      layout_layer_cave, chequers_temple_overflow_minitemple, uniq_duvessa

Skill      XL: |  1  2  3  4  5  6  7  8 |
---------------+-------------------------+-----
Ranged Weapons | 2 3 4 5 6 8 9 |  9.8
Fighting       | |  1.0
Dodging        | |  1.7
Spellcasting   | |  1.0
Hexes          | |  2.6
Fire Magic     | |  0.8

Action                     |  1- 3 |  4- 6 |  7- 9 || total
---------------------------+-------+-------+-------++-------
   Fire: Sling             |   170 |   218 |   228 ||   616
   Cast: Jinxbite          |     3 |    13 |    14 ||    30
  Evoke: Wand              |       |       |     4 ||     4
    Use: Potion            |       |     2 |       ||     2
         Scroll            |       |       |     9 ||     9
 Armour: Robe              |    15 |    22 |    20 ||    57
  Dodge: Dodged            |    24 |    24 |    10 ||    58

Table legend: (Time is in decaauts)
 A = Elapsed time spent in this place.
 B = Non-inter-level travel time spent in this place.
 C = Inter-level travel time spent in this place.
 D = Time resting spent in this place.
 E = Time spent auto-exploring this place.
 F = Levels seen in this place.
 G = Mean time per level.
                   A        B        C        D        E       F      G
               +--------+--------+--------+--------+--------+-----+--------+
         Total |   4612 |   4443 |    169 |     94 |   3681 |   7 |  658.9 |
       Dungeon |   4472 |   4303 |    169 |     71 |   3613 |   6 |  745.3 |
         Sewer |    140 |    140 |      0 |     23 |     68 |   1 |  140.0 |
               +--------+--------+--------+--------+--------+-----+--------+

Top non-repeatable levels by time:
     D:4: 1172 daAuts
     D:2: 740 daAuts
     D:3: 724 daAuts
     D:1: 709 daAuts
     D:6: 608 daAuts
     D:5: 517 daAuts
   Sewer: 140 daAuts
